 Dungeon Crawl Stone Soup version 0.22.0-18-ge075c0d (webtiles) character file.

189 CrazyArbalest the Bolt Thrower (level 6, 0/36 HPs)
             Began as a Kobold Hunter on Aug 18, 2018.
             Slain by Grinder (6 damage)
             ... while paralysed by Grinder
             ... on level 3 of the Dungeon.
             The game lasted 00:16:04 (4693 turns).

CrazyArbalest the Bolt Thrower (Kobold Hunter)      Turns: 4693, Time: 00:16:05

Health: 0/36       AC:  6    Str: 11    XL:     6   Next: 0%
Magic:  6/6        EV:  3    Int: 13    God:
Gold:   88         SH:  0    Dex: 15    Spells: 5/5 levels left

rFire    . . .     SeeInvis .   b - +1 hand crossbow
rCold    . . .     Gourm    .   (shield restricted)
rNeg     . . .     Faith    .   x - +0 ring mail
rPois    .         Spirit   .   e - +0 helmet
rElec    .         Reflect  .   l - scarf {repulsion}
rCorr    .         Harm     .   (no gloves)
MR       .....                  (no boots)
Stlth    +.........             (no amulet)
HPRegen  0.12/turn              (no ring)
MPRegen  0.10/turn              (no ring)

@: paralysed, drained, repel missiles
A: small, carnivore
a: no special abilities


You were on level 3 of the Dungeon.
You were very full.

You visited 1 branch of the dungeon, and saw 3 of its levels.
You also visited: Sewer.

You collected 88 gold pieces.

Inventory:

Hand Weapons
 a - a +0 short sword
 b - a +1 hand crossbow (weapon)
 o - a +0 club
Missiles
 d - 5 bolts (quivered)
Armour
 c - a +0 leather armour
 e - a +0 helmet (worn)
 l - a scarf of repulsion (worn)
 t - a +0 helmet
 x - a +0 ring mail (worn)
Jewellery
 i - an uncursed amulet of harm
 r - an uncursed ring of see invisible {unknown}
Wands
 y - a wand of paralysis (13)
Scrolls
 h - 6 scrolls of teleportation {unknown}
 j - 5 scrolls of identify {unknown}
 k - 3 scrolls of remove curse {unknown}
 m - 2 scrolls of enchant weapon {unknown}
 s - a scroll of amnesia {unknown}
 u - a scroll of immolation {unknown}
 v - a scroll of blinking {unknown}
 z - 3 scrolls of fear {unknown}
Potions
 g - a potion of heal wounds {unknown}
 n - 2 potions of degeneration {unknown}
 p - a potion of magic {unknown}
 q - 4 potions of curing {unknown}
 w - a potion of mutation {unknown}
 A - a potion of haste {unknown}
Comestibles
 f - 5 rations


   Skills:
 + Level 2.8(2.6) Fighting
 + Level 3.0(2.8) Short Blades
 * Level 6.2(5.9) Crossbows
 + Level 1.6(1.4) Armour
 + Level 3.1(2.9) Dodging
 + Level 2.0(1.8) Stealth


You had 5 spell levels left.
You didn't know any spells.
Your spell library was empty.

Dungeon Overview and Level Annotations

Branches:
Dungeon (3/15)

Altars:

Annotations:
D:2 Sigmund
D:3 Grinder


Innate Abilities, Weirdness & Mutations

You are small and have problems with some larger weapons.
You are carnivorous and can eat meat at any time.


Message History

Press: ? - help, Shift-Dir - straight line, f/p - Grinder
Aim: Grinder (moderately wounded)
You shoot a bolt. The bolt hits Grinder!
Grinder is severely wounded.
Grinder hits you.
* * * LOW HITPOINT WARNING * * *
You writhe in agony.
* * * LOW HITPOINT WARNING * * *
Firing (i - inventory)
d - 6 bolts (quivered)
Press: ? - help, Shift-Dir - straight line, f/p - Grinder
Aim: Grinder (severely wounded)
You shoot a bolt. The bolt hits Grinder.
Grinder is severely wounded.
Grinder gestures at you.
You suddenly lose the ability to move!
Grinder says, "Wait up."
Grinder gestures at you.
You barely resist. Grinder hits you.
You die...

#....#.#.#.).......#.....
#........#.#.......#.....
#.......(#.#......[#.....
.......#(#.#.......#.....
#.######.#.#.......#.....
.......>................
#.....#.#.#......##.....
#.....#5#.###....(......
+.... #@#.# #...........
#.### #.#.# #.......####
# #.#.# #....(..# #+#.#
#.......# ............#
........... ......###...
..... #... ... #...


You could see Grinder.

Vanquished Creatures
  A centaur skeleton (D:3)
  Robin (D:2)
  A gnoll (D:1)
  4 adders
  5 worms
  A leopard gecko (D:2)
  An orc (D:3)
  4 giant cockroaches
  14 goblins
  7 hobgoblins
  11 jackals
  9 kobolds
  5 ball pythons
  6 bats
  12 frilled lizards
  9 rats
  9 plants (Sewer)
100 creatures vanquished.

Notes
Turn   | Place    | Note
-------+----------+-------------------------------------------
     0 | D:1      | CrazyArbalest the Kobold Hunter began the quest for the Orb.
     0 | D:1      | Reached XP level 1. HP: 12/12 MP: 1/1
    87 | D:1      | Reached skill level 5 in Crossbows
   360 | D:1      | Reached XP level 2. HP: 18/18 MP: 2/2
   703 | D:1      | Reached XP level 3. HP: 10/22 MP: 3/3
  1124 | D:1      | Reached skill level 1 in Short Blades
  1542 | D:2      | Noticed Robin
  1613 | D:1      | Reached XP level 4. HP: 18/27 MP: 4/4
  1770 | D:2      | Found a faded altar of an unknown god.
  1801 | D:2      | Noticed Sigmund
  2229 | D:2      | Reached skill level 1 in Armour
  2588 | D:2      | Killed Robin
  2588 | D:2      | Reached XP level 5. HP: 28/31 MP: 5/5
  2791 | D:3      | Reached skill level 6 in Crossbows
  2979 | D:3      | Found a glowing drain.
  3091 | Sewer    | Entered a sewer
  4661 | D:3      | Noticed Grinder
  4666 | D:3      | Paralysed by Grinder for 4 turns
  4676 | D:3      | Paralysed by Grinder for 7 turns
  4686 | D:3      | Reached XP level 6. HP: 13/36 MP: 6/6
  4691 | D:3      | Paralysed by Grinder for 3 turns
  4693 | D:3      | Slain by Grinder

Skill      XL: |  1  2  3  4  5 |
---------------+----------------+-----
Crossbows      | 5 6 |  6.2
Short Blades   | 1 2 3 |  3.0
Armour         | 1 |  1.6
Dodging        | 3 |  3.1
Stealth        | 2 |  2.0
Fighting       | |  2.8

Action                   |  1- 3 |  4- 6 || total
-------------------------+-------+-------++-------
Melee: Short sword       |   121 |   971 ||  1092
 Fire: Hand crossbow     |       |    35 ||    35
 Stab: Sleeping          |       |     1 ||     1
  Eat: Chunk             |    10 |    11 ||    21
Armor: Leather armour    |    28 |    47 ||    75
       Ring mail         |       |     7 ||     7
Dodge: Dodged            |    67 |   188 ||   255
       Deflected         |       |     1 ||     1
